 Dungeon Crawl Stone Soup version 0.31-a0-978-g1e143483b6 (webtiles) character file.

Game seed: 16103460099056296845

1993 Persephone the Cleaver (level 9, -1/94 HPs)
             Began as a Demonspawn Berserker on Oct 30, 2023.
             Was a Priest of Trog.
             Slain by a deep troll (4 damage)
             ... on level 7 of the Dungeon.
             The game lasted 00:09:04 (5485 turns).

Persephone the Cleaver (Demonspawn Berserker)       Turns: 5485, Time: 00:09:05

Health: -1/94      AC: 12    Str: 23    XL:     9   Next: 1%
Magic:  0/9        EV:  7    Int:  8    God:    Trog [***...]
Gold:   431        SH:  4    Dex: 12    Spells: 8/8 levels left

rFire   . . .        g - +1 battleaxe
rCold   . . .        (shield currently unavailable)
rNeg    + . .        e - +0 plate armour
rPois   .            c - +0 helmet
rElec   .            (no cloak)
rCorr   .            (no gloves)
SInv    .            (no boots)
Will    ++...        k - amulet of the acrobat Stlth
                     d - ring of positive energy
HPRegen 1.35/turn    (no ring)
MPRegen 0.22/turn

%: acrobat, guardian spirit
@: berserking, strong-willed, regenerating, very quick
A: claws 1, magic shield, magic regeneration, sharp scales 1, condensation
shield
a: Renounce Religion, Berserk, Trog's Hand


You were on level 7 of the Dungeon.
You worshipped Trog.
Trog was most pleased with you.
You visited 1 branch of the dungeon, and saw 9 of its levels.

You collected 431 gold pieces.

Inventory:

Hand Weapons
 a - a +0 hand axe
 g - a +1 battleaxe (weapon)
 u - a +0 hand axe of freezing
Missiles
 f - 7 poisoned darts
Armour
 b - a +0 animal skin
 c - a +0 helmet (worn)
 e - a +0 plate armour (worn)
 t - a +0 pair of gloves
Jewellery
 d - a ring of positive energy (left claw)
 k - an amulet of the acrobat (around neck)
 m - a ring of see invisible
 C - a ring of ice
Wands
 l - a wand of digging (5)
 x - a wand of iceblast (1)
Scrolls
 i - a scroll of fog
 r - a scroll of fear
Potions
 h - a potion of haste {unknown}
 n - a potion of berserk rage
 p - 2 potions of brilliance
 s - 3 potions of curing
 v - 2 potions of might
 w - 3 potions of ambrosia
 z - a potion of enlightenment
 A - a potion of degeneration {unknown}
 B - a potion of magic {unknown}


   Skills:
 - Level 3.0 Fighting
 + Level 11.1 Axes
 - Level 1.7 Armour
 - Level 1.7 Dodging


You had 8 spell levels left.
You didn't know any spells.
Your spell library was empty.

Dungeon Overview and Level Annotations

Branches:
Dungeon (9/15)             Temple (0/1) D:4
   Lair: D:8-11         Orc: D:9-12

Altars:
Qazlal
Sif Muna
Xom

Annotations:
D:6 3 runed translucent doors, CowFu's ghost, novice MiFi


Innate Abilities, Weirdness & Mutations

You have sharp fingernails.
When hurt, damage is shared between your health and your magic reserves.
You regenerate magic rapidly.
You are partially covered in razor-sharp scales. (AC +1, Slay +1)
A meltable shield of frost defends you. (SH +4)


Message History

Key pressed, stopping explore.
Found 6 stones.
Things that are here:
a +0 short sword; a +0 ring mail Key pressed, stopping explore. 2 deep trolls come into view.
The deep troll shouts! x2
There are monsters nearby!
There are monsters nearby!
Your skin crawls.
You feel strong-willed.
A red film seems to cover your vision as you go berserk!
You feel yourself moving faster!
You feel mighty! The deep troll bites you!!
The deep troll completely misses you.
The deep troll claws you but does no damage.
You closely miss the deep troll. You barely miss the deep troll.
The deep troll barely misses you. The deep troll claws you!
The deep troll claws you but does no damage.
You slash the deep troll!
The deep troll is lightly wounded.
The deep troll bites you. The deep troll claws you. x2
You barely miss the deep troll.
The deep troll is lightly wounded.
The deep troll bites you! The deep troll barely misses you.
The deep troll claws you!
You barely miss the deep troll.
The deep troll is lightly wounded.
You hit the deep troll.
The deep troll is lightly wounded.
The deep troll bites you!
* * * LOW HITPOINT WARNING * * *
The deep troll closely misses you. The deep troll claws you.
* * * LOW HITPOINT WARNING * * *
You slice the deep troll!!
The deep troll is heavily wounded.
The deep troll bites you!
* * * LOW HITPOINT WARNING * * *
You block the deep troll's attack. The deep troll claws you.
You die...

.#.##########.......#.....#
.#.#...)....#.......#.....#
.......)##..#.......#.....#
.##.....##..#.......#...###
#####
.##.....##..#.......###.#
#.... .##.....##..##.....#
#.# #.###
.##.....##...##.T.#
#.#####.###
.###.#####....##T##
#.......... .#
#.######.#..#@##
#######.##.
.###.....>..#.....# #.###
..................# . #.# #
##############....# ..
#.### ............### ...
#....
#####......##....##....
##### ..........
+........). #..##.....
#....##.... ..........
#....# ...


You could see 2 deep trolls.

Vanquished Creatures
  Grinder (D:5)
  Menkaure (D:5)
  Duvessa (D:7)
  An orc warrior (D:9)
  A sky beast (D:7)
  2 ogres
  2 black bears (D:6)
  A centaur (D:5)
  A phantom (D:4)
  2 scorpions
  Dowan (D:7)
  4 wights (D:9)
  A howler monkey (D:9)
  4 hounds
  3 orc priests
  5 iguanas
  An orc wizard (D:5)
  5 adders
  A shadow imp (D:7)
  A white imp (D:7)
  2 ufetubi (D:6)
  A worm (D:2)
  2 dart slugs (D:2)
  8 orcs
  7 bats
  3 endoplasms
  3 giant cockroaches
  7 goblins
  3 hobgoblins
  2 jackals (D:5)
  10 kobolds
  2 quokkas
  5 ball pythons
  7 frilled lizards
  2 rats (D:1)
103 creatures vanquished.

Notes
Turn   | Place    | Note
-------+----------+-------------------------------------------
     0 | D:1      | Persephone the Demonspawn Berserker began the quest for the
                  | Orb.
     0 | D:1      | Reached XP level 1. HP: 18/18 MP: 1/1
    35 | D:1      | Reached skill level 3 in Axes
   250 | D:1      | Gained mutation: You have sharp fingernails. [demonic
                  | ancestry]
   250 | D:1      | Reached XP level 2. HP: 24/24 MP: 2/2
   547 | D:1      | Reached ** piety under Trog
   746 | D:1      | Found a faded altar of an unknown god.
   838 | D:2      | Gained mutation: You are partially covered in razor-sharp
                  | scales. (AC +1, Slay +1) [demonic ancestry]
   838 | D:2      | Reached XP level 3. HP: 21/29 MP: 3/3
   907 | D:2      | Found a shimmering altar of Xom.
  1014 | D:2      | Reached skill level 4 in Axes
  2006 | D:4      | Found a staircase to the Ecumenical Temple.
  2076 | D:4      | Reached XP level 4. HP: 22/35 MP: 4/4
  2177 | D:4      | Found a stormy altar of Qazlal.
  2257 | D:4      | Reached skill level 5 in Axes
  2354 | D:4      | Noticed a phantom
  2390 | D:4      | Killed a phantom
  2391 | D:4      | Reached XP level 5. HP: 28/41 MP: 5/5
  2520 | D:4      | Reached skill level 6 in Axes
  2634 | D:4      | Noticed an ogre
  2638 | D:4      | Killed an ogre
  2639 | D:4      | Gained mutation: You regenerate magic rapidly. [demonic
                  | ancestry]
  2639 | D:4      | Reached XP level 6. HP: 47/47 MP: 6/6
  2907 | D:5      | Entered Level 5 of the Dungeon
  2969 | D:5      | Reached *** piety under Trog
  2970 | D:5      | Reached skill level 7 in Axes
  2985 | D:5      | Noticed Grinder
  2988 | D:5      | Paralysed by Grinder for 4 turns
  3012 | D:5      | Paralysed by Grinder for 5 turns
  3132 | D:5      | Paralysed by Grinder for 4 turns
  3137 | D:5      | Killed Grinder
  3138 | D:5      | Gained mutation: A meltable shield of frost defends you.
                  | (SH +4) [demonic ancestry]
  3138 | D:5      | Reached XP level 7. HP: 36/52 MP: 7/7
  3282 | D:5      | Reached skill level 8 in Axes
  3318 | D:5      | Noticed Menkaure
  3334 | D:5      | Killed Menkaure
  3994 | D:6      | Found a runed translucent gate.
  3994 | D:6      | Noticed CowFu's ghost (novice MiFi)
  4004 | D:6      | Found a runed translucent gate.
  4039 | D:6      | Reached skill level 9 in Axes
  4039 | D:6      | Reached XP level 8. HP: 52/58 MP: 8/8
  4207 | D:6      | Found a runed translucent gate.
  4339 | D:6      | You fall into a shaft and drop 3 floors!
  4383 | D:9      | Reached skill level 10 in Axes
  5167 | D:7      | Found a shimmering blue altar of Sif Muna.
  5230 | D:7      | Noticed Dowan
  5232 | D:7      | Noticed Duvessa
  5242 | D:7      | Killed Duvessa
  5246 | D:7      | Killed Dowan
  5247 | D:7      | Reached skill level 11 in Axes
  5291 | D:7      | Gained mutation: When hurt, damage is shared between your
                  | health and your magic reserves. [demonic ancestry]
  5291 | D:7      | Reached XP level 9. HP: 48/63 MP: 9/9
  5470 | D:7      | Noticed a deep troll
  5470 | D:7      | Noticed a deep troll
  5485 | D:7      | HP: 3/94 [deep troll (16)]
  5485 | D:7      | Slain by a deep troll

Illustrated notes

Levels and vault maps discovered:
D:1:      lemuel_arrival_room, layout_loops_cross,
          hellmonk_ecumenical_altar_prayer_group, minmay_lizard_pond
D:2:      layout_basic, basic_altar
D:3:      layout_basic
D:4:      layout_basic, mainiacjoe_overflow_paths,
          minmay_temple_entry_gardened_gates, minmay_checkerbox
D:5:      layout_rooms, uniq_grinder, uniq_menkaure
D:6:      layout_cave_pools, serial_column_ruins, column_ruins_square_medium,
          column_ruins_open_large, column_ruins_grid_1,
          column_ruins_corridor_straight, column_ruins_corridor_straight,
          gammafunk_ghost_split
D:7:      layout_basic, amcnicky_altar_gilded,
          hellmonk_guarded_unrand_vitality_bloodlust, uniq_duvessa
D:8:      layout_basic, uniq_pikel
D:9:      layout_loops_ring, grunt_temple_overflow_diamond

Skill      XL: |  1  2  3  4  5  6  7  8 |
---------------+-------------------------+-----
Axes           | 3 4 5 6 7 9 11 | 11.1
Fighting       | |  3.0
Armour         | |  1.7
Dodging        | |  1.7

Action                     |  1- 3 |  4- 6 |  7- 9 || total
---------------------------+-------+-------+-------++-------
  Melee: Hand axe          |   119 |    97 |   167 ||   383
         Punch             |       |       |     3 ||     3
         Battleaxe         |       |       |    27 ||    27
  Throw: Dart              |    12 |       |       ||    12
         Boomerang         |    37 |    23 |    32 ||    92
 Invoke: Berserk           |       |     4 |     4 ||     8
         Trog's Hand       |       |       |     2 ||     2
    Use: Scroll            |     4 |       |     9 ||    13
         Potion            |       |     1 |     1 ||     2
 Armour: Animal skin       |    16 |       |       ||    16
         Plate armour      |    77 |    91 |   158 ||   326
  Dodge: Dodged            |    42 |    26 |    58 ||   126
  Block: Other             |       |       |    41 ||    41

Table legend: (Time is in decaauts)
 A = Elapsed time spent in this place.
 B = Non-inter-level travel time spent in this place.
 C = Inter-level travel time spent in this place.
 D = Time resting spent in this place.
 E = Time spent auto-exploring this place.
 F = Levels seen in this place.
 G = Mean time per level.
                   A        B        C        D        E       F      G
               +--------+--------+--------+--------+--------+-----+--------+
         Total |   5556 |   5382 |    174 |      0 |   4377 |   9 |  617.3 |
       Dungeon |   5556 |   5382 |    174 |      0 |   4377 |   9 |  617.3 |
               +--------+--------+--------+--------+--------+-----+--------+

Top non-repeatable levels by time:
     D:4: 1074 daAuts
     D:5: 964 daAuts
     D:1: 832 daAuts
     D:6: 752 daAuts
     D:3: 633 daAuts
     D:7: 511 daAuts
     D:2: 491 daAuts
     D:9: 256 daAuts
     D:8: 41 daAuts
